 Dungeon Crawl Stone Soup version 0.30-a0-777-ga9a30cbeda (webtiles) character file.

Game seed: 10403422101746728050

11 DEFE the Sneak (level 2, 15/22 HPs)
             Began as a Demonspawn Wanderer on Feb 14, 2023.
             Was a High Priest of Ignis.
             Quit the game on level 1 of the Dungeon.
             The game lasted 00:00:29 (186 turns).

DEFE the Sneak (Demonspawn Wanderer)                 Turns: 186, Time: 00:00:30

Health: 15/22      AC:  3    Str: 12    XL:     2   Next: 17%
Magic:  3/3        EV: 10    Int: 10    God:    Ignis [*****.]
Gold:   26         SH:  0    Dex: 15    Spells: 3/3 levels left

rFire   + . .      SeeInvis .    a - +2 dagger
rCold   . . .      Faith    .    (no shield)
rNeg    . . .      Spirit   .    e - +0 leather armour
rPois   .          Reflect  .    (no helmet)
rElec   .          Harm     .    (no cloak)
rCorr   .          Rampage  .    (no gloves)
Will    .....                    (no boots)
Stlth   ++                       (no amulet)
HPRegen 0.23/turn                (no ring)
MPRegen 0.08/turn                (no ring)

@: no status effects
A: powered by death 1
a: Renounce Religion, Fiery Armour, Foxfire Swarm, Rising Flame


You were on level 1 of the Dungeon.
You worshipped Ignis.
Ignis was extremely pleased with you.
You visited 1 branch of the dungeon, and saw 1 of its levels.

You collected 26 gold pieces.

Inventory:

Hand Weapons
 a - a +2 dagger (weapon)
Armour
 e - a +0 leather armour (worn)
Jewellery
 g - a ring of flight
Wands
 c - a wand of polymorph (5) (quivered)
Scrolls
 d - a scroll of teleportation
 h - a scroll of butterflies {unknown}
 j - 2 scrolls of magic mapping {unknown}
Potions
 b - a potion of berserk rage
 f - a potion of attraction {unknown}
 i - a potion of might {unknown}


   Skills:
 + Level 1.9 Fighting
 - Level 1.0 Throwing
 - Level 3.6 Stealth
 - Level 1.0 Spellcasting
 - Level 1.0 Air Magic
 - Level 1.2 Invocations
 - Level 2.0 Evocations


You had 3 spell levels left.
You didn't know any spells.
Your spell library contained the following spells:

 Spells                   Type           Power      Damage    Failure   Level
 Static Discharge         Conj/Air       2%         2-3/arc   47%         2
 Cigotuvi's Dreadful Rot  Necr/Pois/Air  2%         N/A       52%         2


Dungeon Overview and Level Annotations

Branches:
Dungeon (1/15)

Altars:
Ignis


Innate Abilities, Weirdness & Mutations

You regenerate a little health from kills.


Message History

The helpless ball python fails to defend itself.
You puncture the ball python!
You kill the ball python!
No target in view!
No target in view!
No target in view!
Unknown command.
No target in view!
Unknown command.
You see here a ball python corpse.
A ball python comes into view.
A ball python is nearby!
A ball python is nearby!
The helpless ball python fails to defend itself.
You impale the ball python!!
You kill the ball python!
You have reached level 2!
Your demonic ancestry asserts itself...
A wave of death washes over you.
Health restored: 22; MP restored: 3 You see here a ball python corpse.
A dart slug comes into view.
A dart slug is nearby!
A dart slug is nearby!
The dart slug completely misses you.
You hit the dart slug. The dart slug bites you.
You take 1 damage, and have 21/22 hp.
You hit the dart slug.
Health restored: 22 You hit the dart slug.
The dart slug bites you.
You take 2 damage, and have 20/22 hp.
You hit the dart slug but do no damage. The dart slug launches a dart at you.
The slug dart hits you.
You hit the dart slug.
You take 6 damage, and have 14/22 hp.
MASSIVE DAMAGE!!
You hit the dart slug.
You kill the dart slug!
Unknown command.

.........##+....... #+
#....#####.........
#.####....... #.........
............ ##.........
#.......... .#..........
#.........##........##..
#.........##............
...........+......++....
.......@# #......##..†.
...#....# #...#+######.
####.####...#.######.
##..........†......
####............######
.............###.#
.............# #.#
#.#########.#.# #.# #
#.#.# #.#


There were no monsters in sight!

Vanquished Creatures
  A dart slug (D:1)
  2 bats (D:1)
  An endoplasm (D:1)
  A goblin (D:1)
  3 ball pythons (D:1)
8 creatures vanquished.

Notes
Turn   | Place    | Note
-------+----------+-------------------------------------------
     0 | D:1      | DEFE the Demonspawn Wanderer began the quest for the Orb.
     0 | D:1      | DEFE set off with the following items: a +2 dagger, a
                  | potion of berserk rage, a wand of polymorph (5), a scroll
                  | of teleportation, a +0 leather armour; and the following
                  | spells available to memorise: Static Discharge, Cigotuvi's
                  | Dreadful Rot.
     0 | D:1      | Reached XP level 1. HP: 13/13 MP: 2/2
    61 | D:1      | Reached skill level 1 in Fighting
   108 | D:1      | Found a faded altar of an unknown god.
   131 | D:1      | Prayed at the altar of an unknown god.
   131 | D:1      | Became a worshipper of Ignis, the Dying Flame
   164 | D:1      | Gained mutation: You regenerate a little health from kills.
                  | [demonic ancestry]
   164 | D:1      | Reached XP level 2. HP: 22/22 MP: 3/3
   186 | D:1      | Quit the game

Illustrated notes

Levels and vault maps discovered:
D:1:      eino_arrival_cavern_a, layout_basic,
          hellmonk_ecumenical_altar_lost_god, minivault_26,
          minmay_split_cup_small

Skill      XL: |  1 |
---------------+----+-----
Fighting       | 1 |  1.9
Throwing       | |  1.0
Stealth        | |  3.6
Spellcasting   | |  1.0
Air Magic      | |  1.0
Invocations    | |  1.2
Evocations     | |  2.0

Action                     || total
---------------------------++-------
  Melee: Dagger            ||    18
   Stab: Sleeping          ||     3
 Armour: Leather armour    ||     4
  Dodge: Dodged            ||     6

Table legend: (Time is in decaauts)
 A = Elapsed time spent in this place.
 B = Non-inter-level travel time spent in this place.
 C = Inter-level travel time spent in this place.
 D = Time resting spent in this place.
 E = Time spent auto-exploring this place.
 F = Levels seen in this place.
 G = Mean time per level.
                   A        B        C        D        E       F      G
               +--------+--------+--------+--------+--------+-----+--------+
         Total |    186 |    186 |      0 |      0 |    100 |   1 |  186.0 |
       Dungeon |    186 |    186 |      0 |      0 |    100 |   1 |  186.0 |
               +--------+--------+--------+--------+--------+-----+--------+

Top non-repeatable levels by time:
     D:1: 186 daAuts
